 Dungeon Crawl Stone Soup version 0.30-a0-867-g305f33218d (webtiles) character file.

Game seed: 14766482629970794582

48 someone473 the Grave Robber (level 3, -1/19 HPs)
             Began as a Deep Elf Necromancer on Mar 11, 2023.
             Slain by a worm (3 damage)
             ... on level 2 of the Dungeon.
             The game lasted 00:08:43 (1536 turns).

someone473 the Grave Robber (Deep Elf Necromancer)  Turns: 1536, Time: 00:08:44

Health: -1/19      AC:  3    Str:  5    XL:     3   Next: 50%
Magic:  8/10       EV: 11    Int: 21    God:
Gold:   39         SH:  0    Dex: 15    Spells: 9/10 levels left

rFire   . . .      SeeInvis .    f - +0 falchion (flame)
rCold   . . .      Faith    .    (no shield)
rNeg    . . .      Spirit   .    i - +0 leather armour
rPois   .          Reflect  .    (no helmet)
rElec   .          Rampage  .    (no cloak)
rCorr   +                        (no gloves)
Will    .....                    (no boots)
Stlth   ++                       (no amulet)
HPRegen 0.23/turn                d - ring of resist corrosion
MPRegen 0.12/turn                (no ring)

@: about to teleport
A: no striking features
a: no special abilities


You were on level 2 of the Dungeon.
You visited 1 branch of the dungeon, and saw 2 of its levels.

You collected 39 gold pieces.

Inventory:

Hand Weapons
 f - a +0 falchion of flaming (weapon)
Missiles
 l - 2 javelins
Armour
 a - a +0 robe
 i - a +0 leather armour (worn)
Jewellery
 d - a ring of resist corrosion (left hand)
Scrolls
 e - 3 scrolls of magic mapping
 g - a scroll of teleportation
Potions
 b - a potion of magic
 c - a potion of degeneration {unknown}
 h - 2 potions of curing {unknown}
 j - a potion of attraction {unknown}
 k - a potion of ambrosia {unknown}


   Skills:
 + Level 0.6 Armour
 + Level 2.4 Dodging
 + Level 2.5 Stealth
 + Level 4.1 Spellcasting
 + Level 5.5 Necromancy


You had 9 spell levels left.
You knew the following spells:

 Your Spells              Type           Power      Damage    Failure   Level
a - Necrotise             Necr           100%       1d9       1%          1

Your spell library contained the following spells:

 Spells                   Type           Power      Damage    Failure   Level
 Vampiric Draining        Necr           27%        2d7       6%          3
 Animate Dead             Necr           27%        N/A       19%         4
 Ensorcelled Hibernation  Hex/Ice        8%         N/A       28%         2
 Agony                    Necr           27%        N/A       47%         5
 Portal Projectile        Hex/Tloc       8%         N/A       50%         3
 Ignition                 Fire           2%         3d3       100%        8


Dungeon Overview and Level Annotations

Branches:
Dungeon (2/15)

Altars:

Shops:
D:1 :


Message History

Found 15 gold pieces.
Found a scroll labelled UDUNLO GUTWE.
Found an escape hatch in the ceiling.
You now have 39 gold pieces (gained 15).
l - a scroll labelled UDUNLO GUTWE
As you read the scroll labelled UDUNLO GUTWE, it crumbles to dust.
You hear a loud clanging noise!
It was a scroll of noise.
Found 2 javelins.
You see here 2 javelins.
You see here 2 javelins.
l - 2 javelins A worm comes into view.
Casting: Necrotise (safe; 1% risk of failure)
Confirm with . or Enter, or press ? or * to list all spells.
Aiming: Necrotise (safe; 1% risk of failure)
Press: ? - help, Shift-Dir - straight line, f - worm
Aim: a worm (asleep, chance to affect: 88%)
The worm writhes in agony.
Casting: Necrotise (safe; 1% risk of failure)
Confirm with . or Enter, or press ? or * to list all spells.
Aiming: Necrotise (safe; 1% risk of failure)
Press: ? - help, Shift-Dir - straight line, f/p - worm
Aim: a worm (lightly wounded, chance to affect: 88%)
The worm writhes in agony.
You hit the worm but do no damage.
The worm is moderately wounded.
You hit the worm. You burn the worm.
The worm is severely wounded.
The worm bites you!
Ouch! That really hurt!
You hit the worm. You burn the worm.
The worm is severely wounded.
The worm bites you!
* * * LOW HITPOINT WARNING * * *
As you read the scroll of teleportation, it crumbles to dust.
You feel strangely unstable.
Unknown command.
The worm bites you.
You die...

######### ### #### ###
.#..#.#.###.##.#.# #.#
......#.....#..#.# #.#
.#..#.#.###.#..#w# #.#
.#..#.......#..#@#### #.#
.#..#.#........#....###.#
.#......#...............#
###
.#.............#.##.###.#
#..
.#.##.#.###.####.##.#.#.#
#.. .#.##.#.# #.#
#.##.....#######..
......#.# #.#
#.###.............
.#.####.#
#.####.###..#########..
.#.####.# #.#............
##..


You could see a worm.

Vanquished Creatures
  2 adders (D:2)
  A worm (D:2)
  A dart slug (D:1)
  4 bats
  3 giant cockroaches
  A goblin (D:1)
  2 hobgoblins
  4 quokkas
  A kobold (D:1)
19 creatures vanquished.

Vanquished Creatures (collateral kills)
  A dart slug (D:1)
  A bat (D:1)
2 creatures vanquished.

Grand Total: 21 creatures vanquished

Notes
Turn   | Place    | Note
-------+----------+-------------------------------------------
     0 | D:1      | someone473 the Deep Elf Necromancer began the quest for the
                  | Orb.
     0 | D:1      | Reached XP level 1. HP: 10/10 MP: 6/6
    34 | D:1      | Reached skill level 5 in Necromancy
    34 | D:1      | Found Luuseike's Book Shoppe.
   184 | D:1      | Reached XP level 2. HP: 15/15 MP: 5/8
   813 | D:2      | Reached XP level 3. HP: 11/19 MP: 3/10
  1164 | D:2      | Got the Catalogue of Calescent Charms
  1536 | D:2      | Slain by a worm

Illustrated notes

Levels and vault maps discovered:
D:1:      mrwooster_arrival_statue, layout_basic, serial_shops,
          nicolae_diamond_shop
D:2:      layout_basic

Skill      XL: |  1  2 |
---------------+-------+-----
Necromancy     | 5 |  5.5
Spellcasting   | 4 |  4.1
Armour         | |  0.6
Dodging        | |  2.4
Stealth        | |  2.5

Action                     || total
---------------------------++-------
  Melee: Falchion          ||     4
   Cast: Necrotise         ||    42
    Use: Scroll            ||     7
 Armour: Leather armour    ||     1
  Dodge: Dodged            ||     9

Table legend: (Time is in decaauts)
 A = Elapsed time spent in this place.
 B = Non-inter-level travel time spent in this place.
 C = Inter-level travel time spent in this place.
 D = Time resting spent in this place.
 E = Time spent auto-exploring this place.
 F = Levels seen in this place.
 G = Mean time per level.
                   A        B        C        D        E       F      G
               +--------+--------+--------+--------+--------+-----+--------+
         Total |   1535 |    285 |   1250 |     79 |      0 |   2 |  767.5 |
       Dungeon |   1535 |    285 |   1250 |     79 |      0 |   2 |  767.5 |
               +--------+--------+--------+--------+--------+-----+--------+

Top non-repeatable levels by time:
     D:2: 809 daAuts
     D:1: 726 daAuts
